 Dungeon Crawl Stone Soup version 0.30.1-4-g462c640d31 (webtiles) character file.

Game seed: 16420250017111176246

98 hawla the Firebug (level 5, -2/39 HPs)
             Began as a Meteoran Fire Elementalist on Aug 11, 2023.
             Was an Initiate of Vehumet.
             Slain by a water moccasin (4 damage)
             ... on level 5 of the Dungeon on Aug 15, 2023.
             The game lasted 00:04:13 (560 turns).

hawla the Firebug (Meteoran Fire Elementalist)       Turns: 560, Time: 00:04:14

Health: -2/39      AC:  2    Str:  9    XL:     5   Next: 21%
Magic:  6/11       EV: 12    Int: 19    God:    Vehumet [......]
Gold:   61         SH:  0    Dex: 14    Spells: 8/11 levels left

rFire   . . .        e - +0 mace
rCold   . . .        (no shield)
rNeg    . . .        a - +0 robe
rPois   .            (no helmet)
rElec   .            (no cloak)
rCorr   .            (no gloves)
SInv    .            (no boots)
Will    +....        (no amulet)
Stlth   +            h - ring of flight
HPRegen 0.26/turn    i - ring of willpower
MPRegen 0.12/turn

%: no passive effects
@: lethally poisoned (-2 -> -35), flying, glowing
A: sense surroundings 1, otherworldly, glowing, explore regen
a: Renounce Religion


You were on level 5 of the Dungeon.
You worshipped Vehumet.
Vehumet was noncommittal.
You visited 1 branch of the dungeon, and saw 5 of its levels.

You collected 61 gold pieces.

Inventory:

Hand Weapons
 e - a +0 mace (weapon)
Armour
 a - a +0 robe (worn)
Jewellery
 h - a ring of flight (left hand)
 i - a ring of willpower (right hand)
Scrolls
 b - a scroll of teleportation
 f - a scroll of vulnerability {unknown}
Potions
 c - a potion of curing
 d - a potion of heal wounds {unknown}


   Skills:
 + Level 0.6 Fighting
 + Level 0.3 Maces & Flails
 + Level 2.7 Dodging
 - Level 1.4 Stealth
 + Level 3.9 Spellcasting
 + Level 1.8 Conjurations
 + Level 5.1 Fire Magic


You had 8 spell levels left.
You knew the following spells:

 Your Spells              Type           Power      Damage    Failure   Level
a - Foxfire               Conj/Fire      64%        2x1d7     3%          1
b - Scorch                Fire           46%        2d7       2%          2

Your spell library contained the following spells:

 Spells                   Type           Power      Damage    Failure   Level
 Inner Flame              Hex/Fire       13%        N/A       14%         3
 Volatile Blastmotes      Fire/Tloc      26%        2d12      14%         3
 Flame Wave               Conj/Fire      16%        2d7       32%         4


Dungeon Overview and Level Annotations

Branches:
Dungeon (5/15) Zot: 2436
 Temple: D:4-7

Altars:
Nemelex Xobeh
Trog
Vehumet


Innate Abilities, Weirdness & Mutations

You passively map a small area around you.
You are easily found by Zot.
You glow in the dark.
You regain HP and MP as you explore.


Message History

Flames lash the hound.
The hound is burned terribly!
You kill the hound!
Vehumet accepts your kill.
You have reached level 5!
Saving game... please wait.
Welcome back, hawla the Meteoran Fire Elementalist.
Vehumet says: Let it end in hellfire!
Press ? for a list of commands and other information.
You see here a hound corpse.
Magic restored.
f - a scroll labelled CIN TIURHEDA GAM A water moccasin comes into view.
The water moccasin hisses angrily.
Cast which spell? (? or * to list) Flames lash the water moccasin.
The water moccasin is moderately wounded.
The water moccasin's fire resistance burns away.
The water moccasin bites you!
You are poisoned.
The water moccasin poisons you! The water moccasin bites you.
You are lethally poisoned!
The water moccasin poisons you!
Casting: Scorch (safe; 2% risk of failure)
Confirm with . or Enter, or press ? or * to list all spells.
Flames lash the water moccasin.
The water moccasin is burned terribly!
The water moccasin is severely wounded.
You feel extremely sick. The water moccasin bites you.
You are more poisoned.
The water moccasin poisons you!
Casting: Scorch (safe; 2% risk of failure)
Confirm with . or Enter, or press ? or * to list all spells.
Flames lash the water moccasin.
The water moccasin is burned terribly!
The water moccasin is severely wounded.
* * * LOW HITPOINT WARNING * * *
You feel extremely sick. The water moccasin bites you.
* * * LOW HITPOINT WARNING * * *
The water moccasin bites you.
You die...

* ######## , #......#
#......# ,, #......#
##......################ ,
^.......##......@S...... ,
*##........#############**
##...####### * ....## *
###.# * * * , # #.# * ,,*
, #.# ,, * * ###.# .##.# *
*


You could see a water moccasin (combustible).

Vanquished Creatures
  A hound (D:5)
  4 adders
  A worm (D:2)
  4 orcs (D:4)
  2 bats (D:2)
  2 endoplasms
  A giant cockroach (D:2)
  3 goblins
  A hobgoblin (D:1)
  A quokka (D:2)
  A ball python (D:3)
  A frilled lizard (D:2)
  4 kobolds (D:1)
  A rat (D:1)
27 creatures vanquished.

Vanquished Creatures (others)
  42 foxfires
42 creatures vanquished.

Grand Total: 69 creatures vanquished

Notes
Turn   | Place    | Note
-------+----------+-------------------------------------------
     0 | D:1      | hawla the Meteoran Fire Elementalist began the quest for
                  | the Orb.
     0 | D:1      | Reached XP level 1. HP: 14/14 MP: 5/5
    78 | D:1      | Reached skill level 4 in Fire Magic
   108 | D:1      | Reached XP level 2. HP: 20/20 MP: 4/6
   111 | D:1      | Learned a level 2 spell: Scorch
   230 | D:2      | Reached XP level 3. HP: 11/26 MP: 0/8
   406 | D:4      | Reached XP level 4. HP: 34/34 MP: 6/10
   419 | D:4      | HP: 1/34 [adder (2)]
   424 | D:4      | Reached skill level 5 in Fire Magic
   470 | D:4      | Found a radiant altar of Vehumet.
   471 | D:4      | Found a bloodstained altar of Trog.
   474 | D:4      | Became a worshipper of Vehumet
   503 | D:5      | Entered Level 5 of the Dungeon
   511 | D:5      | Found a sparkling altar of Nemelex Xobeh.
   522 | D:5      | Reached XP level 5. HP: 39/39 MP: 5/11
   555 | D:5      | Noticed a water moccasin
   560 | D:5      | Slain by a water moccasin

Illustrated notes

Levels and vault maps discovered:
D:1:      giann_bridges, layout_basic
D:2:      layout_basic, uniq_terence, uniq_jessica
D:3:      layout_basic, grunt_temple_overflow_champion_of_chaos,
          nrook_mini_backslash
D:4:      layout_basic, mainiacjoe_overflow_divided_tiny, okawaru_trees_2,
          nicolae_hepliaklqana_monster_ancestors
D:5:      layout_rooms, mainiacjoe_overflow_alcove_1, temple_green

Skill      XL: |  1  2  3  4 |
---------------+-------------+-----
Fire Magic     | 4 5 |  5.1
Spellcasting   | 3 |  3.9
Fighting       | |  0.6
Maces & Flails | |  0.3
Dodging        | |  2.7
Stealth        | |  1.4
Conjurations   | |  1.8

Action                     |  1- 3 |  4- 6 || total
---------------------------+-------+-------++-------
  Melee: Mace              |    11 |     2 ||    13
         Unarmed           |     1 |       ||     1
   Cast: Foxfire           |    21 |     8 ||    29
         Scorch            |     7 |     7 ||    14
    Use: Potion            |     2 |     2 ||     4
         Scroll            |       |     4 ||     4
 Armour: Robe              |     3 |     2 ||     5
         Skin              |       |     4 ||     4
  Dodge: Dodged            |     8 |     5 ||    13
